Espoo Blues vs Toronto St Pats
Created - Tuesday, May 16, 2023 at 07:03
Goals
|
| Espoo Blues |
2 |
1 |
1 |
4 |
| Toronto St Pats |
0 |
1 |
1 |
2 |
|
Shots
|
| Espoo Blues |
9 |
8 |
7 |
24 |
| Toronto St Pats |
10 |
7 |
15 |
32 |
|
1st period
1. Espoo Blues , Mattias Samuelsson 4 (Logan O'Connor 9, Derick Brassard 52) at 11:04
2. Espoo Blues , Viktor Lodin 5 (Stefan Noesen 46) at 14:10
Penalties :
No Penalty
2nd period
3. Espoo Blues , Logan O'Connor 14 (Derick Brassard 53, Chad Ruhwedel 18) at 5:56
4. Toronto St Pats , Glenn Gawdin 9 (Rudolfs Balcers 33, Brad Malone 15) at 17:29
Penalties :
Brendan Lemieux (ESP) for Roughing (Minor) at 2:53, Quinton Byfield (TSP) for Hooking (Minor) at 5:59, Brad Malone (TSP) for Cross-checking (Minor) at 12:05, Cam York (ESP) for Hooking (Minor) at 14:34
3rd period
5. Espoo Blues , Derek Grant 22 (Mattias Samuelsson 21, Patric Hornqvist 10) at 7:08 (PP)
6. Toronto St Pats , Ivan Lodnia 7 (Brad Malone 16, Connor Dewar 6) at 9:55
Penalties :
Logan O'Connor (ESP) for Roughing (Minor) at 4:19, Scott Perunovich (TSP) for Roughing (Minor) at 6:58, Logan O'Connor (ESP) for Hooking (Minor) at 7:45, Nikita Okhotyuk (TSP) for Interference (Minor) at 12:29
Goalie Stats
Stuart Skinner (ESP), 30 saves from 32 shots - (0.938), W, 15-6-1, 60:00 minutes
Jakub Skarek (TSP), 20 saves from 24 shots - (0.833), L, 6-8-3, 60:00 minutes
Players Stats for Espoo Blues
Player Name G A P +/- PIM S H SB GA TA FO MP PP MP PK MP
------------------------------------------------------------------------------------
Anton Blidh 0 0 0 -1 0 1 2 0 0 0 0/0 13:07 0:00 0:25
Brendan Lemieux 0 0 0 -1 2 0 2 0 1 0 0/1 15:09 2:53 0:00
Cam York 0 0 0 1 2 0 0 1 0 1 0/0 20:42 2:29 2:35
Chad Ruhwedel 0 1 1 1 0 0 1 1 0 0 0/0 21:43 2:29 3:44
Derek Grant 1 0 1 -1 0 2 0 1 0 0 16/25 19:28 2:53 4:14
Derick Brassard 0 2 2 2 0 3 2 1 0 1 6/12 21:27 3:14 3:01
Fredrik Karlstrom 0 0 0 -1 0 2 1 1 0 0 4/9 13:14 0:00 0:31
Gavin Bayreuther 0 0 0 0 0 0 0 0 0 0 0/0 11:26 0:00 0:10
Joe Snively 0 0 0 2 0 2 2 0 0 2 0/0 19:37 3:13 1:40
Logan O'Connor 1 1 2 2 4 3 3 0 0 1 0/0 18:20 0:13 2:21
Mattias Janmark 0 0 0 0 0 0 0 0 0 1 1/1 3:52 0:01 3:40
Mattias Samuelsson 1 1 2 0 0 1 1 4 0 0 0/0 27:01 3:38 4:12
Michael Stone 0 0 0 0 0 2 3 5 1 2 0/0 26:21 3:38 4:12
Patric Hornqvist 0 1 1 -1 0 4 3 1 0 0 0/0 16:12 2:53 0:00
Ridly Greig 0 0 0 1 0 0 0 0 0 0 0/0 5:47 0:00 0:00
Stefan Noesen 0 1 1 0 0 2 2 2 2 0 0/0 19:52 3:01 0:00
Urho Vaakanainen 0 0 0 0 0 0 0 1 0 0 0/0 12:55 0:00 0:59
Viktor Lodin 1 0 1 1 0 2 0 0 0 0 0/1 5:47 0:00 0:00
Players Stats for Toronto St Pats
Player Name G A P +/- PIM S H SB GA TA FO MP PP MP PK MP
------------------------------------------------------------------------------------
Antonio Stranges 0 0 0 0 0 0 0 0 0 0 0/0 8:11 0:00 0:07
Austin Watson 0 0 0 0 0 2 5 0 1 1 0/0 21:11 3:32 2:53
Brad Malone 0 2 2 1 2 2 2 0 0 1 2/3 14:30 0:18 0:53
Connor Dewar 0 1 1 -1 0 2 1 0 0 0 1/1 10:16 0:18 0:00
Dylan Samberg 0 0 0 -2 0 4 1 4 0 2 0/0 25:29 4:16 3:47
Glenn Gawdin 1 0 1 0 0 3 4 0 1 0 6/9 17:45 3:32 1:27
Ivan Lodnia 1 0 1 1 0 3 1 0 0 0 0/0 8:37 0:18 0:00
Jake Leschyshyn 0 0 0 -2 0 0 0 1 0 0 5/10 12:55 0:00 2:53
Jesse Puljujarvi 0 0 0 0 0 5 0 0 1 0 2/4 18:44 4:06 0:00
Lassi Thomson 0 0 0 -2 0 3 1 2 0 0 0/0 25:29 4:16 3:47
Liam Foudy 0 0 0 -2 0 0 2 0 0 0 0/0 15:08 3:32 1:40
Lucas Carlsson 0 0 0 0 0 1 2 0 0 0 0/0 17:25 3:40 2:03
Luke Henman 0 0 0 0 0 2 2 0 0 0 0/2 8:00 0:00 0:00
Nikita Okhotyuk 0 0 0 0 2 0 1 1 0 0 0/0 11:26 0:00 0:17
Pierre-Olivier Joseph 0 0 0 1 0 0 0 0 1 0 0/0 19:23 0:00 2:03
Quinton Byfield 0 0 0 0 2 1 1 0 1 0 6/19 19:25 4:06 0:07
Rudolfs Balcers 0 1 1 0 0 4 1 1 0 0 0/1 19:09 4:06 2:14
Scott Perunovich 0 0 0 1 2 0 0 0 3 0 0/0 20:46 3:40 0:17
3 Stars
1 - Mattias Samuelsson (ESP)
2 - Derick Brassard (ESP)
3 - Logan O'Connor (ESP)
Power Play
Espoo Blues - 1 on 4 Attempt(s) - 25.00%
Toronto St Pats - 0 on 4 Attempt(s) - 0.00%
Penalty Kill
Espoo Blues - 4 on 4 Attempt(s) - 100.00%
- Score 0 goal in Penalty Kill
Toronto St Pats - 3 on 4 Attempt(s) - 75.00%
- Score 0 goal in Penalty Kill
Team Stat
Espoo Blues - Hits : 22 - Faceoff Wins : 27 - Blocked Shots : 18 - Penalty Minutes : 8
Toronto St Pats - Hits : 24 - Faceoff Wins : 22 - Blocked Shots : 9 - Penalty Minutes : 8
Official
Referees : Rob Martell and Tom Chmielewski
Linesman : Lonnie Cameron and Kiel Murchison
Game Notes
No Game Note
Espoo Blues
5 vs 5 Forward
Center Left Wing Right Wing Time % Phy DF OF
1 Derick Brassard Joe Snively Logan O'Connor 37 1 1 2
2 Derek Grant Brendan Lemieux Stefan Noesen 36 1 2 2
3 Fredrik Karlstrom Anton Blidh Patric Hornqvist 22 1 2 2
4 Viktor Lodin Ridly Greig Stefan Noesen 5 1 2 2
5 vs 5 Defense
Defense Defense Time % Phy DF OF
1 Mattias Samuelsson Michael Stone 41 1 2 2
2 Chad Ruhwedel Cam York 32 1 2 2
3 Urho Vaakanainen Gavin Bayreuther 20 1 2 2
4 Mattias Samuelsson Cam York 7 1 2 2
PowerPlay Forward
Center Left Wing Right Wing Time % Phy DF OF
1 Derick Brassard Joe Snively Stefan Noesen 62 1 2 2
2 Derek Grant Brendan Lemieux Patric Hornqvist 38 1 2 2
PowerPlay Defense
Defense Defense Time % Phy DF OF
1 Mattias Samuelsson Michael Stone 60 1 2 2
2 Chad Ruhwedel Cam York 40 1 2 2
Penalty Kill 4 Players Forward
Center Wing Time % Phy DF OF
1 Derek Grant Logan O'Connor 60 1 2 2
2 Derick Brassard Mattias Janmark 40 1 2 2
Penalty Kill 4 Players Defense
Defense Defense Time % Phy DF OF
1 Mattias Samuelsson Michael Stone 60 1 2 2
2 Chad Ruhwedel Cam York 40 1 2 2
Penalty Kill - 3 Players Forward
Forward Time % Phy DF OF
1 Derek Grant 60 1 2 2
2 Derick Brassard 40 1 2 2
Penalty Kill - 3 Players Defense
Defense Defense Time % Phy DF OF
1 Mattias Samuelsson Michael Stone 60 1 2 2
2 Chad Ruhwedel Cam York 40 1 2 2
4 vs 4 Forward
Center Wing Time % Phy DF OF
1 Derek Grant Stefan Noesen 60 1 2 2
2 Derick Brassard Joe Snively 40 1 2 2
4 vs 4 Defense
Defense Defense Time % Phy DF OF
1 Mattias Samuelsson Michael Stone 60 1 2 2
2 Chad Ruhwedel Cam York 40 1 2 2
Last Minutes Offensive
Center Left Wing Right Wing Defense Defense
Derek Grant Joe Snively Stefan Noesen Mattias Samuelsson Michael Stone
Last Minutes Defensive
Center Left Wing Right Wing Defense Defense
Derek Grant Derick Brassard Logan O'Connor Mattias Samuelsson Michael Stone
Goaltenders
Starting : Stuart Skinner
Backup : Spencer Knight
Extra Forwards
Normal : Stefan Noesen, Joe Snively, Derick Brassard - PP : Stefan Noesen, Joe Snively - PK : Logan O'Connor
Extra Defensemen
Normal : Cam York, Mattias Samuelsson, Michael Stone - PP : Michael Stone - PK : Urho Vaakanainen, Gavin Bayreuther
Penalty Shots
Stefan Noesen, Patric Hornqvist, Joe Snively, Brendan Lemieux, Viktor Lodin
Toronto St Pats
5 vs 5 Forward
Center Left Wing Right Wing Time % Phy DF OF
1 Quinton Byfield Austin Watson Jesse Puljujarvi 40 1 2 2
2 Glenn Gawdin Brad Malone Rudolfs Balcers 30 1 2 2
3 Jake Leschyshyn Connor Dewar Liam Foudy 20 1 2 2
4 Luke Henman Antonio Stranges Ivan Lodnia 10 1 2 2
5 vs 5 Defense
Defense Defense Time % Phy DF OF
1 Dylan Samberg Lassi Thomson 40 1 2 2
2 Pierre-Olivier Joseph Scott Perunovich 30 1 2 2
3 Lucas Carlsson Nikita Okhotyuk 20 1 2 2
4 Pierre-Olivier Joseph Scott Perunovich 10 1 2 2
PowerPlay Forward
Center Left Wing Right Wing Time % Phy DF OF
1 Quinton Byfield Rudolfs Balcers Jesse Puljujarvi 60 1 2 2
2 Glenn Gawdin Austin Watson Liam Foudy 40 1 2 2
PowerPlay Defense
Defense Defense Time % Phy DF OF
1 Dylan Samberg Lassi Thomson 60 1 2 2
2 Scott Perunovich Lucas Carlsson 40 1 2 2
Penalty Kill 4 Players Forward
Center Wing Time % Phy DF OF
1 Jake Leschyshyn Austin Watson 60 1 2 2
2 Glenn Gawdin Rudolfs Balcers 40 1 2 2
Penalty Kill 4 Players Defense
Defense Defense Time % Phy DF OF
1 Dylan Samberg Lassi Thomson 60 1 2 2
2 Lucas Carlsson Pierre-Olivier Joseph 40 1 2 2
Penalty Kill - 3 Players Forward
Forward Time % Phy DF OF
1 Jake Leschyshyn 60 1 2 2
2 Glenn Gawdin 40 1 2 2
Penalty Kill - 3 Players Defense
Defense Defense Time % Phy DF OF
1 Dylan Samberg Lassi Thomson 60 1 2 2
2 Lucas Carlsson Pierre-Olivier Joseph 40 1 2 2
4 vs 4 Forward
Center Wing Time % Phy DF OF
1 Jake Leschyshyn Liam Foudy 60 1 2 2
2 Glenn Gawdin Rudolfs Balcers 40 1 2 2
4 vs 4 Defense
Defense Defense Time % Phy DF OF
1 Pierre-Olivier Joseph Scott Perunovich 60 1 2 2
2 Lucas Carlsson Nikita Okhotyuk 40 1 2 2
Last Minutes Offensive
Center Left Wing Right Wing Defense Defense
Quinton Byfield Rudolfs Balcers Jesse Puljujarvi Dylan Samberg Lassi Thomson
Last Minutes Defensive
Center Left Wing Right Wing Defense Defense
Glenn Gawdin Austin Watson Rudolfs Balcers Dylan Samberg Lassi Thomson
Goaltenders
Starting : Jakub Skarek
Backup : Jonathan Bernier
Extra Forwards
Normal : Liam Foudy, Ivan Lodnia, Luke Henman - PP : Brad Malone, Connor Dewar - PK : Brad Malone
Extra Defensemen
Normal : Lucas Carlsson, Nikita Okhotyuk, Scott Perunovich - PP : Pierre-Olivier Joseph - PK : Scott Perunovich, Nikita Okhotyuk
Penalty Shots
Quinton Byfield, Glenn Gawdin, Liam Foudy, Austin Watson, Pierre-Olivier Joseph
% Time on Ice - Espoo Blues
Lines # - Real PCT - Wanted PCT - Time Play
Normal Forward
1 - 33% - 37% - 15:23
2 - 27% - 36% - 12:13
3 - 27% - 22% - 12:34
4 - 13% - 5% - 5:47
Normal Defense
1 - 40% - 41% - 18:31
2 - 34% - 32% - 15:30
3 - 25% - 20% - 11:16
4 - 1% - 7% - 0:40
PP Forward
1 - 53% - 62% - 3:14
2 - 47% - 38% - 2:53
PP Defense
1 - 59% - 60% - 3:38
2 - 41% - 40% - 2:29
PK Forward
1 - 90% - 60% - 7:10
2 - 10% - 40% - 0:46
PK Defense
1 - 53% - 60% - 4:12
2 - 47% - 40% - 3:44
PK3 Forward
1 - 0% - 60%
2 - 0% - 40%
PK3 Defense
1 - 0% - 60%
2 - 0% - 40%
44 Forward
1 - 0% - 60%
2 - 0% - 40%
44 Defense
1 - 0% - 60%
2 - 0% - 40%
Last Minute Offensive - 0:00
Last Minute Defensive - 0:00
Total
Forward - 60:00
Defense - 60:00
|
% Time on Ice - Toronto St Pats
Lines # - Real PCT - Wanted PCT - Time Play
Normal Forward
1 - 34% - 40% - 15:43
2 - 28% - 30% - 12:46
3 - 21% - 20% - 9:39
4 - 17% - 10% - 7:49
Normal Defense
1 - 40% - 40% - 18:32
2 - 32% - 30% - 14:46
3 - 21% - 20% - 9:40
4 - 6% - 10% - 2:59
PP Forward
1 - 55% - 60% - 4:24
2 - 45% - 40% - 3:32
PP Defense
1 - 54% - 60% - 4:16
2 - 46% - 40% - 3:40
PK Forward
1 - 76% - 60% - 4:40
2 - 24% - 40% - 1:27
PK Defense
1 - 66% - 60% - 4:04
2 - 34% - 40% - 2:03
PK3 Forward
1 - 0% - 60%
2 - 0% - 40%
PK3 Defense
1 - 0% - 60%
2 - 0% - 40%
44 Forward
1 - 0% - 60%
2 - 0% - 40%
44 Defense
1 - 0% - 60%
2 - 0% - 40%
Last Minute Offensive - 0:00
Last Minute Defensive - 0:00
Total
Forward - 60:00
Defense - 60:00
|
Play-by-Play
1st period
0:01 of 1st period - Derick Brassard wins face-off versus Quinton Byfield in neutral zone.
0:06 of 1st period - Wrist shot by Derick Brassard.
0:06 of 1st period - Shot Blocked by Lassi Thomson.
1:03 of 1st period - Jake Leschyshyn is hit by Patric Hornqvist and loses puck.
1:14 of 1st period - Gavin Bayreuther is hit by Austin Watson and loses puck.
1:33 of 1st period - Scott Perunovich is hit by Mattias Samuelsson and loses puck.
3:01 of 1st period - Cam York is hit by Liam Foudy.
3:13 of 1st period - Slapshot by Lassi Thomson.
3:13 of 1st period - Stopped by Stuart Skinner without a rebound.
3:14 of 1st period - Derek Grant wins face-off versus Luke Henman in Espoo Blues zone.
3:37 of 1st period - Austin Watson is hit by Michael Stone.
4:01 of 1st period - Slapshot by Jesse Puljujarvi.
4:01 of 1st period - Stopped by Stuart Skinner with a rebound.
4:09 of 1st period - Slapshot by Stefan Noesen.
4:09 of 1st period - Stopped by Jakub Skarek without a rebound.
4:10 of 1st period - Glenn Gawdin wins face-off versus Derick Brassard in Toronto St Pats zone.
4:35 of 1st period - Brendan Lemieux is hit by Dylan Samberg and loses puck.
4:41 of 1st period - Off-side.
4:42 of 1st period - Derek Grant wins face-off versus Quinton Byfield in neutral zone.
4:56 of 1st period - Wrist shot by Austin Watson.
4:56 of 1st period - Stopped by Stuart Skinner with a rebound.
5:02 of 1st period - Scott Perunovich is hit by Stefan Noesen and loses puck.
5:15 of 1st period - Logan O'Connor is hit by Brad Malone and loses puck.
6:02 of 1st period - Slapshot by Dylan Samberg.
6:02 of 1st period - Stopped by Stuart Skinner with a rebound.
6:04 of 1st period - Slapshot by Lassi Thomson.
6:04 of 1st period - Shot Blocked by Michael Stone.
6:06 of 1st period - Wrist shot by Luke Henman.
6:06 of 1st period - Shot Misses the Net.
6:08 of 1st period - Slapshot by Dylan Samberg.
6:08 of 1st period - Stopped by Stuart Skinner with a rebound.
7:09 of 1st period - Snap shot by Liam Foudy.
7:09 of 1st period - Shot Misses the Net.
7:27 of 1st period - Slapshot by Patric Hornqvist.
7:27 of 1st period - Stopped by Jakub Skarek with a rebound.
7:42 of 1st period - Brad Malone is hit by Michael Stone and loses puck.
7:57 of 1st period - Austin Watson is hit by Anton Blidh.
8:28 of 1st period - Wrist shot by Dylan Samberg.
8:28 of 1st period - Stopped by Stuart Skinner with a rebound.
8:46 of 1st period - Slapshot by Rudolfs Balcers.
8:46 of 1st period - Shot Misses the Net.
9:39 of 1st period - Mattias Samuelsson is hit by Lucas Carlsson and loses puck.
9:44 of 1st period - Slapshot by Lassi Thomson.
9:44 of 1st period - Stopped by Stuart Skinner without a rebound.
9:45 of 1st period - Quinton Byfield wins face-off versus Viktor Lodin in Espoo Blues zone.
10:03 of 1st period - Icing by Jesse Puljujarvi.
10:04 of 1st period - Glenn Gawdin wins face-off versus Derick Brassard in Toronto St Pats zone.
10:13 of 1st period - Joe Snively is hit by Glenn Gawdin and loses puck.
10:56 of 1st period - Snap shot by Brendan Lemieux.
10:56 of 1st period - Shot Misses the Net.
10:58 of 1st period - Slapshot by Derek Grant.
10:58 of 1st period - Stopped by Jakub Skarek without a rebound.
10:59 of 1st period - Derick Brassard wins face-off versus Jake Leschyshyn in Toronto St Pats zone.
11:00 of 1st period - Wrist shot by Logan O'Connor.
11:00 of 1st period - Stopped by Jakub Skarek with a rebound.
11:02 of 1st period - Slapshot by Mattias Samuelsson.
11:02 of 1st period - Shot Blocked by Dylan Samberg.
11:04 of 1st period - Slapshot by Mattias Samuelsson.
11:04 of 1st period - Goal by Mattias Samuelsson - Espoo Blues : 1 - Toronto St Pats : 0.
11:05 of 1st period - Derek Grant wins face-off versus Quinton Byfield in neutral zone.
12:02 of 1st period - Wrist shot by Liam Foudy.
12:02 of 1st period - Shot Blocked by Patric Hornqvist.
12:04 of 1st period - Wrist shot by Jake Leschyshyn.
12:04 of 1st period - Shot Misses the Net.
12:41 of 1st period - Snap shot by Patric Hornqvist.
12:41 of 1st period - Shot Blocked by Dylan Samberg.
13:10 of 1st period - Icing by Anton Blidh.
13:11 of 1st period - Derek Grant wins face-off versus Glenn Gawdin in Espoo Blues zone.
13:46 of 1st period - Snap shot by Derick Brassard.
13:46 of 1st period - Stopped by Jakub Skarek with a rebound.
14:10 of 1st period - Wrist shot by Viktor Lodin.
14:10 of 1st period - Goal by Viktor Lodin - Espoo Blues : 2 - Toronto St Pats : 0.
14:11 of 1st period - Derek Grant wins face-off versus Quinton Byfield in neutral zone.
14:24 of 1st period - Snap shot by Stefan Noesen.
14:24 of 1st period - Shot Misses the Net.
14:26 of 1st period - Slapshot by Brendan Lemieux.
14:26 of 1st period - Shot Misses the Net.
15:30 of 1st period - Austin Watson is hit by Logan O'Connor and loses puck.
17:13 of 1st period - Snap shot by Liam Foudy.
17:13 of 1st period - Shot Blocked by Chad Ruhwedel.
17:15 of 1st period - Wrist shot by Lucas Carlsson.
17:15 of 1st period - Stopped by Stuart Skinner with a rebound.
17:17 of 1st period - Slapshot by Connor Dewar.
17:17 of 1st period - Stopped by Stuart Skinner without a rebound.
17:18 of 1st period - Fredrik Karlstrom wins face-off versus Quinton Byfield in Espoo Blues zone.
17:48 of 1st period - Slapshot by Joe Snively.
17:48 of 1st period - Stopped by Jakub Skarek without a rebound.
17:49 of 1st period - Brad Malone wins face-off versus Derick Brassard in Toronto St Pats zone.
17:54 of 1st period - Joe Snively is hit by Rudolfs Balcers and loses puck.
18:01 of 1st period - Snap shot by Brad Malone.
18:01 of 1st period - Shot Misses the Net.
18:05 of 1st period - Wrist shot by Rudolfs Balcers.
18:05 of 1st period - Stopped by Stuart Skinner without a rebound.
18:06 of 1st period - Quinton Byfield wins face-off versus Derek Grant in Espoo Blues zone.
18:31 of 1st period - Joe Snively is hit by Glenn Gawdin and loses puck.
18:58 of 1st period - Fredrik Karlstrom is hit by Connor Dewar and loses puck.
19:15 of 1st period - Slapshot by Stefan Noesen.
19:15 of 1st period - Stopped by Jakub Skarek with a rebound.
19:17 of 1st period - Wrist shot by Derek Grant.
19:17 of 1st period - Shot Misses the Net.
19:19 of 1st period - Wrist shot by Derek Grant.
19:19 of 1st period - Shot Misses the Net.
19:35 of 1st period - Cam York is hit by Quinton Byfield and loses puck.
19:49 of 1st period - Lucas Carlsson is hit by Logan O'Connor and loses puck.
Goals for this period are 2 for Espoo Blues vs 0 for Toronto St Pats.
Shots for this period are 9 for Espoo Blues vs 10 for Toronto St Pats.
2nd period
0:01 of 2nd period - Derek Grant wins face-off versus Quinton Byfield in neutral zone.
0:28 of 2nd period - Snap shot by Rudolfs Balcers.
0:28 of 2nd period - Shot Misses the Net.
1:29 of 2nd period - Viktor Lodin is hit by Luke Henman and loses puck.
1:34 of 2nd period - Slapshot by Dylan Samberg.
1:34 of 2nd period - Deflect By Ivan Lodnia.
1:34 of 2nd period - Shot Misses the Net.
1:34 of 2nd period - Puck is out of play.
1:35 of 2nd period - Derick Brassard wins face-off versus Quinton Byfield in Espoo Blues zone.
1:35 of 2nd period - Derick Brassard is hit by Austin Watson.
1:51 of 2nd period - Wrist shot by Quinton Byfield.
1:51 of 2nd period - Deflect By Jesse Puljujarvi.
1:51 of 2nd period - Stopped by Stuart Skinner with a rebound.
2:09 of 2nd period - Snap shot by Logan O'Connor.
2:09 of 2nd period - Shot Blocked by Dylan Samberg.
2:11 of 2nd period - Wrist shot by Logan O'Connor.
2:11 of 2nd period - Stopped by Jakub Skarek with a rebound.
2:13 of 2nd period - Slapshot by Michael Stone.
2:13 of 2nd period - Deflect By Dylan Samberg.
2:13 of 2nd period - Stopped by Jakub Skarek with a rebound.
2:15 of 2nd period - Snap shot by Mattias Samuelsson.
2:15 of 2nd period - Shot Blocked by Dylan Samberg.
2:17 of 2nd period - Wrist shot by Derick Brassard.
2:17 of 2nd period - Shot Blocked by Jake Leschyshyn.
2:19 of 2nd period - Wrist shot by Joe Snively.
2:19 of 2nd period - Stopped by Jakub Skarek with a rebound.
2:21 of 2nd period - Snap shot by Joe Snively.
2:21 of 2nd period - Shot Misses the Net.
2:23 of 2nd period - Slapshot by Michael Stone.
2:23 of 2nd period - Stopped by Jakub Skarek with a rebound.
2:25 of 2nd period - Snap shot by Derick Brassard.
2:25 of 2nd period - Stopped by Jakub Skarek without a rebound.
2:26 of 2nd period - Quinton Byfield wins face-off versus Derek Grant in Toronto St Pats zone.
2:26 of 2nd period - Quinton Byfield is hit by Brendan Lemieux.
2:53 of 2nd period - Minor Penalty to Brendan Lemieux for Roughing.
2:54 of 2nd period - Jesse Puljujarvi wins face-off versus Derek Grant in Espoo Blues zone.
4:10 of 2nd period - Icing by Rudolfs Balcers.
4:11 of 2nd period - Mattias Janmark wins face-off versus Rudolfs Balcers in Toronto St Pats zone.
4:23 of 2nd period - Icing by Austin Watson.
4:24 of 2nd period - Glenn Gawdin wins face-off versus Derek Grant in Toronto St Pats zone.
4:33 of 2nd period - Wrist shot by Liam Foudy.
4:33 of 2nd period - Shot Misses the Net.
4:35 of 2nd period - Wrist shot by Austin Watson.
4:35 of 2nd period - Deflect By Mattias Samuelsson.
4:35 of 2nd period - Shot Blocked by Mattias Samuelsson.
4:35 of 2nd period - Puck is out of play.
4:36 of 2nd period - Derek Grant wins face-off versus Jesse Puljujarvi in Espoo Blues zone.
4:53 of 2nd period - Penalty to Brendan Lemieux is over, Brendan Lemieux is back on ice.
5:12 of 2nd period - Wrist shot by Connor Dewar.
5:12 of 2nd period - Stopped by Stuart Skinner with a rebound.
5:44 of 2nd period - Snap shot by Derick Brassard.
5:44 of 2nd period - Deflect By Joe Snively.
5:44 of 2nd period - Shot Misses the Net.
5:44 of 2nd period - Puck is out of play.
5:45 of 2nd period - Derick Brassard wins face-off versus Glenn Gawdin in Toronto St Pats zone.
5:54 of 2nd period - Snap shot by Derick Brassard.
5:54 of 2nd period - Stopped by Jakub Skarek with a rebound.
5:56 of 2nd period - Slapshot by Logan O'Connor.
5:56 of 2nd period - Goal by Logan O'Connor - Espoo Blues : 3 - Toronto St Pats : 0.
5:57 of 2nd period - Quinton Byfield wins face-off versus Derek Grant in neutral zone.
5:59 of 2nd period - Minor Penalty to Quinton Byfield for Hooking.
6:00 of 2nd period - Jake Leschyshyn wins face-off versus Derick Brassard in Toronto St Pats zone.
6:16 of 2nd period - Wrist shot by Austin Watson.
6:16 of 2nd period - Shot Blocked by Mattias Samuelsson.
6:26 of 2nd period - Austin Watson is hit by Patric Hornqvist and loses puck.
6:53 of 2nd period - Austin Watson is hit by Derick Brassard and loses puck.
7:10 of 2nd period - Lucas Carlsson is hit by Brendan Lemieux and loses puck.
7:59 of 2nd period - Penalty to Quinton Byfield is over, Quinton Byfield is back on ice.
8:11 of 2nd period - Wrist shot by Austin Watson.
8:11 of 2nd period - Stopped by Stuart Skinner with a rebound.
8:25 of 2nd period - Wrist shot by Austin Watson.
8:25 of 2nd period - Deflect By Luke Henman.
8:25 of 2nd period - Stopped by Stuart Skinner with a rebound.
9:03 of 2nd period - Anton Blidh is hit by Brad Malone and loses puck.
9:47 of 2nd period - Viktor Lodin is hit by Glenn Gawdin and loses puck.
11:00 of 2nd period - Rudolfs Balcers is hit by Chad Ruhwedel.
11:04 of 2nd period - Derick Brassard is hit by Glenn Gawdin and loses puck.
12:05 of 2nd period - Minor Penalty to Brad Malone for Cross-checking.
12:06 of 2nd period - Jake Leschyshyn wins face-off versus Derick Brassard in Toronto St Pats zone.
12:57 of 2nd period - Chad Ruhwedel is hit by Liam Foudy.
13:41 of 2nd period - Liam Foudy is hit by Michael Stone.
14:05 of 2nd period - Penalty to Brad Malone is over, Brad Malone is back on ice.
14:17 of 2nd period - Slapshot by Quinton Byfield.
14:17 of 2nd period - Shot Misses the Net.
14:19 of 2nd period - Wrist shot by Brad Malone.
14:19 of 2nd period - Stopped by Stuart Skinner without a rebound.
14:20 of 2nd period - Fredrik Karlstrom wins face-off versus Luke Henman in Espoo Blues zone.
14:34 of 2nd period - Minor Penalty to Cam York for Hooking.
14:35 of 2nd period - Jesse Puljujarvi wins face-off versus Derek Grant in Espoo Blues zone.
14:40 of 2nd period - Wrist shot by Jesse Puljujarvi.
14:40 of 2nd period - Shot Misses the Net.
16:33 of 2nd period - Fredrik Karlstrom is hit by Ivan Lodnia and loses puck.
16:34 of 2nd period - Penalty to Cam York is over, Cam York is back on ice.
17:13 of 2nd period - Off-side.
17:14 of 2nd period - Glenn Gawdin wins face-off versus Derek Grant in neutral zone.
17:17 of 2nd period - Wrist shot by Rudolfs Balcers.
17:17 of 2nd period - Stopped by Stuart Skinner without a rebound.
17:18 of 2nd period - Glenn Gawdin wins face-off versus Derek Grant in Espoo Blues zone.
17:29 of 2nd period - Snap shot by Glenn Gawdin.
17:29 of 2nd period - Goal by Glenn Gawdin - Espoo Blues : 3 - Toronto St Pats : 1.
17:30 of 2nd period - Quinton Byfield wins face-off versus Brendan Lemieux in neutral zone.
17:33 of 2nd period - Stefan Noesen is hit by Austin Watson and loses puck.
18:05 of 2nd period - Wrist shot by Anton Blidh.
18:05 of 2nd period - Shot Misses the Net.
18:07 of 2nd period - Snap shot by Fredrik Karlstrom.
18:07 of 2nd period - Stopped by Jakub Skarek with a rebound.
19:39 of 2nd period - Wrist shot by Liam Foudy.
19:39 of 2nd period - Shot Blocked by Michael Stone.
Goals for this period are 1 for Espoo Blues vs 1 for Toronto St Pats.
Shots for this period are 8 for Espoo Blues vs 7 for Toronto St Pats.
3rd period
0:01 of 3rd period - Derek Grant wins face-off versus Quinton Byfield in neutral zone.
0:47 of 3rd period - Snap shot by Liam Foudy.
0:47 of 3rd period - Shot Blocked by Fredrik Karlstrom.
0:54 of 3rd period - Off-side.
0:55 of 3rd period - Derek Grant wins face-off versus Quinton Byfield in neutral zone.
1:20 of 3rd period - Brad Malone is hit by Derick Brassard and loses puck.
1:47 of 3rd period - Connor Dewar is hit by Anton Blidh and loses puck.
2:06 of 3rd period - Slapshot by Cam York.
2:06 of 3rd period - Shot Blocked by Nikita Okhotyuk.
2:08 of 3rd period - Backhand shot by Viktor Lodin.
2:08 of 3rd period - Stopped by Jakub Skarek with a rebound.
2:39 of 3rd period - Icing by Michael Stone.
2:40 of 3rd period - Fredrik Karlstrom wins face-off versus Glenn Gawdin in Espoo Blues zone.
2:45 of 3rd period - Snap shot by Patric Hornqvist.
2:45 of 3rd period - Shot Misses the Net.
2:47 of 3rd period - Slapshot by Michael Stone.
2:47 of 3rd period - Shot Misses the Net.
2:49 of 3rd period - Slapshot by Patric Hornqvist.
2:49 of 3rd period - Shot Misses the Net.
2:51 of 3rd period - Wrist shot by Patric Hornqvist.
2:51 of 3rd period - Shot Blocked by Rudolfs Balcers.
2:53 of 3rd period - Slapshot by Mattias Samuelsson.
2:53 of 3rd period - Deflect By Patric Hornqvist.
2:53 of 3rd period - Stopped by Jakub Skarek with a rebound.
2:55 of 3rd period - Wrist shot by Fredrik Karlstrom.
2:55 of 3rd period - Shot Misses the Net.
3:25 of 3rd period - Wrist shot by Jesse Puljujarvi.
3:25 of 3rd period - Stopped by Stuart Skinner without a rebound.
3:26 of 3rd period - Derick Brassard wins face-off versus Quinton Byfield in Espoo Blues zone.
3:31 of 3rd period - Slapshot by Scott Perunovich.
3:31 of 3rd period - Shot Misses the Net.
3:33 of 3rd period - Wrist shot by Quinton Byfield.
3:33 of 3rd period - Shot Misses the Net.
3:35 of 3rd period - Wrist shot by Quinton Byfield.
3:35 of 3rd period - Stopped by Stuart Skinner with a rebound.
3:37 of 3rd period - Snap shot by Austin Watson.
3:37 of 3rd period - Deflect By Jesse Puljujarvi.
3:37 of 3rd period - Shot Blocked by Michael Stone.
3:37 of 3rd period - Puck is out of play.
3:38 of 3rd period - Derek Grant wins face-off versus Quinton Byfield in Espoo Blues zone.
3:38 of 3rd period - Derek Grant is hit by Austin Watson.
3:44 of 3rd period - Slapshot by Scott Perunovich.
3:44 of 3rd period - Shot Misses the Net.
3:46 of 3rd period - Wrist shot by Quinton Byfield.
3:46 of 3rd period - Shot Misses the Net.
4:11 of 3rd period - Slapshot by Rudolfs Balcers.
4:11 of 3rd period - Stopped by Stuart Skinner with a rebound.
4:13 of 3rd period - Wrist shot by Brad Malone.
4:13 of 3rd period - Shot Blocked by Michael Stone.
4:19 of 3rd period - Minor Penalty to Logan O'Connor for Roughing.
4:20 of 3rd period - Derek Grant wins face-off versus Quinton Byfield in Espoo Blues zone.
6:19 of 3rd period - Penalty to Logan O'Connor is over, Logan O'Connor is back on ice.
6:24 of 3rd period - Derick Brassard is hit by Luke Henman and loses puck.
6:31 of 3rd period - Luke Henman is hit by Logan O'Connor and loses puck.
6:40 of 3rd period - Wrist shot by Derick Brassard.
6:40 of 3rd period - Deflect By Joe Snively.
6:40 of 3rd period - Shot Blocked by Lassi Thomson.
6:40 of 3rd period - Puck is out of play.
6:41 of 3rd period - Fredrik Karlstrom wins face-off versus Jake Leschyshyn in Toronto St Pats zone.
6:56 of 3rd period - Wrist shot by Anton Blidh.
6:56 of 3rd period - Shot Misses the Net.
6:58 of 3rd period - Minor Penalty to Scott Perunovich for Roughing.
6:59 of 3rd period - Derek Grant wins face-off versus Jake Leschyshyn in Toronto St Pats zone.
7:04 of 3rd period - Snap shot by Derek Grant.
7:04 of 3rd period - Deflect By Patric Hornqvist.
7:04 of 3rd period - Stopped by Jakub Skarek with a rebound.
7:06 of 3rd period - Slapshot by Mattias Samuelsson.
7:06 of 3rd period - Shot Misses the Net.
7:08 of 3rd period - Slapshot by Mattias Samuelsson.
7:08 of 3rd period - Deflect By Derek Grant.
7:08 of 3rd period - Goal by Derek Grant - Espoo Blues : 4 - Toronto St Pats : 1.
7:09 of 3rd period - Derek Grant wins face-off versus Quinton Byfield in neutral zone.
7:45 of 3rd period - Minor Penalty to Logan O'Connor for Hooking.
7:46 of 3rd period - Quinton Byfield wins face-off versus Derek Grant in Espoo Blues zone.
7:48 of 3rd period - Snap shot by Rudolfs Balcers.
7:48 of 3rd period - Deflect By Jesse Puljujarvi.
7:48 of 3rd period - Stopped by Stuart Skinner with a rebound.
7:50 of 3rd period - Backhand shot by Lassi Thomson.
7:50 of 3rd period - Stopped by Stuart Skinner with a rebound.
7:52 of 3rd period - Backhand shot by Lassi Thomson.
7:52 of 3rd period - Shot Misses the Net.
9:44 of 3rd period - Off-side.
9:45 of 3rd period - Penalty to Logan O'Connor is over, Logan O'Connor is back on ice.
9:45 of 3rd period - Brad Malone wins face-off versus Fredrik Karlstrom in neutral zone.
9:47 of 3rd period - Off-side.
9:48 of 3rd period - Connor Dewar wins face-off versus Fredrik Karlstrom in neutral zone.
9:51 of 3rd period - Slapshot by Brad Malone.
9:51 of 3rd period - Stopped by Stuart Skinner with a rebound.
9:53 of 3rd period - Slapshot by Ivan Lodnia.
9:53 of 3rd period - Stopped by Stuart Skinner with a rebound.
9:55 of 3rd period - Slapshot by Ivan Lodnia.
9:55 of 3rd period - Goal by Ivan Lodnia - Espoo Blues : 4 - Toronto St Pats : 2.
9:56 of 3rd period - Derek Grant wins face-off versus Jesse Puljujarvi in neutral zone.
9:59 of 3rd period - Dylan Samberg is hit by Stefan Noesen and loses puck.
10:12 of 3rd period - Snap shot by Derek Grant.
10:12 of 3rd period - Shot Misses the Net.
10:22 of 3rd period - Lassi Thomson is hit by Patric Hornqvist and loses puck.
10:31 of 3rd period - Slapshot by Anton Blidh.
10:31 of 3rd period - Stopped by Jakub Skarek with a rebound.
10:53 of 3rd period - Joe Snively is hit by Austin Watson.
11:13 of 3rd period - Slapshot by Lassi Thomson.
11:13 of 3rd period - Shot Blocked by Stefan Noesen.
11:15 of 3rd period - Slapshot by Dylan Samberg.
11:15 of 3rd period - Shot Blocked by Derek Grant.
11:17 of 3rd period - Slapshot by Dylan Samberg.
11:17 of 3rd period - Shot Misses the Net.
11:26 of 3rd period - Icing by Chad Ruhwedel.
11:27 of 3rd period - Jake Leschyshyn wins face-off versus Fredrik Karlstrom in Espoo Blues zone.
11:28 of 3rd period - Snap shot by Liam Foudy.
11:28 of 3rd period - Shot Blocked by Cam York.
11:57 of 3rd period - Brad Malone is hit by Joe Snively and loses puck.
12:16 of 3rd period - Snap shot by Scott Perunovich.
12:16 of 3rd period - Shot Blocked by Mattias Samuelsson.
12:18 of 3rd period - Snap shot by Antonio Stranges.
12:18 of 3rd period - Shot Blocked by Stefan Noesen.
12:20 of 3rd period - Backhand shot by Ivan Lodnia.
12:20 of 3rd period - Shot Blocked by Michael Stone.
12:22 of 3rd period - Snap shot by Luke Henman.
12:22 of 3rd period - Stopped by Stuart Skinner without a rebound.
12:23 of 3rd period - Derick Brassard wins face-off versus Brad Malone in Espoo Blues zone.
12:29 of 3rd period - Minor Penalty to Nikita Okhotyuk for Interference.
12:30 of 3rd period - Jake Leschyshyn wins face-off versus Derick Brassard in Toronto St Pats zone.
12:30 of 3rd period - Jake Leschyshyn is hit by Joe Snively.
12:44 of 3rd period - Wrist shot by Derick Brassard.
12:44 of 3rd period - Shot Misses the Net.
13:16 of 3rd period - Snap shot by Rudolfs Balcers.
13:16 of 3rd period - Stopped by Stuart Skinner with a rebound.
13:18 of 3rd period - Slapshot by Pierre-Olivier Joseph.
13:18 of 3rd period - Shot Misses the Net.
13:20 of 3rd period - Slapshot by Dylan Samberg.
13:20 of 3rd period - Stopped by Stuart Skinner with a rebound.
13:22 of 3rd period - Wrist shot by Glenn Gawdin.
13:22 of 3rd period - Stopped by Stuart Skinner with a rebound.
14:22 of 3rd period - Snap shot by Glenn Gawdin.
14:22 of 3rd period - Stopped by Stuart Skinner with a rebound.
14:29 of 3rd period - Penalty to Nikita Okhotyuk is over, Nikita Okhotyuk is back on ice.
14:38 of 3rd period - Wrist shot by Luke Henman.
14:38 of 3rd period - Shot Blocked by Derick Brassard.
14:40 of 3rd period - Slapshot by Pierre-Olivier Joseph.
14:40 of 3rd period - Deflect By Ivan Lodnia.
14:40 of 3rd period - Stopped by Stuart Skinner without a rebound.
14:41 of 3rd period - Glenn Gawdin wins face-off versus Fredrik Karlstrom in Espoo Blues zone.
15:15 of 3rd period - Snap shot by Jesse Puljujarvi.
15:15 of 3rd period - Shot Blocked by Urho Vaakanainen.
15:30 of 3rd period - Icing by Jake Leschyshyn.
15:31 of 3rd period - Derek Grant wins face-off versus Jake Leschyshyn in Toronto St Pats zone.
16:24 of 3rd period - Patric Hornqvist is hit by Lassi Thomson and loses puck.
16:29 of 3rd period - Wrist shot by Jesse Puljujarvi.
16:29 of 3rd period - Stopped by Stuart Skinner with a rebound.
16:31 of 3rd period - Slapshot by Lucas Carlsson.
16:31 of 3rd period - Shot Blocked by Mattias Samuelsson.
16:33 of 3rd period - Snap shot by Jesse Puljujarvi.
16:33 of 3rd period - Shot Misses the Net.
16:49 of 3rd period - Stefan Noesen is hit by Lucas Carlsson and loses puck.
17:25 of 3rd period - Off-side.
17:26 of 3rd period - Derek Grant wins face-off versus Jake Leschyshyn in neutral zone.
17:57 of 3rd period - Snap shot by Patric Hornqvist.
17:57 of 3rd period - Stopped by Jakub Skarek with a rebound.
17:59 of 3rd period - Wrist shot by Fredrik Karlstrom.
17:59 of 3rd period - Stopped by Jakub Skarek without a rebound.
18:00 of 3rd period - Jake Leschyshyn wins face-off versus Fredrik Karlstrom in Toronto St Pats zone.
18:00 of 3rd period - Jake Leschyshyn is hit by Fredrik Karlstrom.
19:27 of 3rd period - Patric Hornqvist is hit by Nikita Okhotyuk and loses puck.
Goals for this period are 1 for Espoo Blues vs 1 for Toronto St Pats.
Shots for this period are 7 for Espoo Blues vs 15 for Toronto St Pats.
Back to the Top